 Dungeon Crawl Stone Soup version 0.29.1-1-gd02db6906a (webtiles) character file.

Game seed: 4002650334701700453

1318 Sabo the Gusty (level 8, -1/48 HPs)
             Began as an Octopode Air Elementalist on Sept 23, 2022.
             Was a Believer of Ru.
             Engulfed by a steam dragon's steam (7 damage)
             ... on level 6 of the Dungeon.
             The game lasted 00:46:05 (8114 turns).

Sabo the Gusty (Octopode Air Elementalist)          Turns: 8114, Time: 00:46:06

Health: -1/48      AC:  1    Str:  5    XL:     8   Next: 59%
Magic:  23/24      EV: 14    Int: 21    God:    Ru [**....]
Gold:   276        SH:  0    Dex: 17    Spells: 11/16 levels left

rFire   x . .      SeeInvis .   n - +10 whip of Adoun {venom, Int+2 Dex+4}
rCold   x . .      Faith    .   (no shield)
rNeg    . . .      Spirit   .   (helmet restricted)
rPois   .          Reflect  .   (no amulet)
rElec   .          Harm     .   u - ring of magical power
rCorr   .          Rampage  .   (no ring)
Will    .....                   (no ring)
Stlth   ++++......              (no ring)
HPRegen 0.16/turn               (no ring)
MPRegen 0.19/turn               (no ring)
                                (no ring)
                                (no ring)

@: no status effects
A: almost no armour, amphibious, 8 rings, camouflage 1, weak 1, gelatinous body
1, temperature sensitive, (nimble swimmer 1), tentacles
a: Renounce Religion


You were on level 6 of the Dungeon.
You worshipped Ru.
Ru was pleased with you.
You visited 1 branch of the dungeon, and saw 6 of its levels.

You collected 276 gold pieces.

Inventory:

Hand Weapons
 l - a +0 sling of flaming
 n - the +10 whip of Adoun (weapon) {venom, Int+2 Dex+4}
   (You found it on level 3 of the Dungeon)

   It poisons the flesh of those it strikes.
   Int:       It affects your intelligence (+2).
   Dex:       It affects your dexterity (+4).
 v - a +1 halberd of protection
Missiles
 m - 6 poisoned darts (quivered)
Jewellery
 r - a ring of fire
 u - a ring of magical power (left tentacle)
Wands
 s - a wand of digging (1)
 w - a wand of flame (2)
Scrolls
 d - a scroll of magic mapping
 e - a scroll of butterflies
 i - 3 scrolls of teleportation
 q - a scroll of blinking
 t - a scroll of silence {unknown}
Potions
 a - a potion of magic
 b - 3 potions of curing
 c - 2 potions of resistance {unknown}
 f - a potion of haste {unknown}
 g - 3 potions of berserk rage {unknown}
 h - a potion of lignification {unknown}
 j - 2 potions of might
 k - 2 potions of degeneration {unknown}
 o - a potion of flight {unknown}
 p - a potion of mutation {unknown}


   Skills:
 + Level 1.6 Fighting
 + Level 3.0 Maces & Flails
 + Level 2.8 Dodging
 + Level 5.1 Stealth
 + Level 4.9 Spellcasting
 + Level 4.7 Conjurations
 + Level 5.9 Air Magic


You had 11 spell levels left.
You knew the following spells:

 Your Spells              Type           Power      Damage    Failure   Level
a - Shock                 Conj/Air       100%       1d9       1%          1
b - Airstrike             Air            15%        2d(3-19)  10%         4

Your spell library contained the following spells:

 Spells                   Type           Power      Damage    Failure   Level
 Magic Dart               Conj           96%        1d7       1%          1
 Static Discharge         Conj/Air       27%        3-7/arc   1%          2
 Swiftness                Air            30%        N/A       2%          3
 Mephitic Cloud           Conj/Pois/Air  20%        N/A       8%          3
 Call Imp                 Summ           5%         N/A       17%         2


Dungeon Overview and Level Annotations

Branches:
Dungeon (6/15)             Temple (0/1) D:5

Altars:
Kikubaaqudgha
Ru

Annotations:
D:6 1 runed translucent door


Innate Abilities, Weirdness & Mutations

You cannot wear most types of armour.
You are amphibious.
You can wear up to eight rings at the same time.
Your skin changes colour to match your surroundings (Stealth+).
You are weak. (Str -2)
Your rubbery body absorbs attacks. (AC +1, EV +1)
You are sensitive to extremes of temperature. (rF-, rC-)
((You are camouflaged when in or above water. (Stealth+)))
You have tentacles for arms and can constrict up to eight enemies at once.


Message History

There is an open door here.
Found 16 gold pieces.
A steam dragon comes into view.
Found a runed translucent gate.
Casting: Shock (safe; 1% risk of failure)
Confirm with . or Enter, or press ? or * to list all spells.
Aiming: Shock (safe; 1% risk of failure)
Press: ? - help, Shift-Dir - straight line, f - steam dragon
Aim: a steam dragon (asleep, 100% to hit)
The zap hits the steam dragon.
The steam dragon is lightly wounded.
Casting: Shock (safe; 1% risk of failure)
Confirm with . or Enter, or press ? or * to list all spells.
Aiming: Shock (safe; 1% risk of failure)
Press: ? - help, Shift-Dir - straight line, f/p - steam dragon
Aim: a steam dragon (lightly wounded, 74% to hit)
The zap hits the steam dragon.
The steam dragon is lightly wounded.
The steam dragon breathes steam at you. The ball of steam misses you.
You are engulfed in a cloud of scalding steam.
The steam dragon misses you. The steam dragon claws you.
The steam dragon closely misses you. x2
You whack the steam dragon!
The steam dragon is poisoned.
The steam dragon is moderately wounded.
The steam dragon breathes steam at you. The ball of steam hits you!
The steam scalds you terribly!
You hit the steam dragon.
The steam dragon looks as sick as possible!
The steam dragon is severely wounded.
You are engulfed in a cloud of scalding steam.
* * * LOW HITPOINT WARNING * * *
The steam dragon bites you!
* * * LOW HITPOINT WARNING * * *
The steam dragon completely misses you.
You completely miss the steam dragon.
You squeeze the steam dragon, but do no damage.
The steam dragon is severely wounded.
You are engulfed in a cloud of scalding steam.
You die...

#<.....#
#.....#
########
#.....# #.....#
. #.....# ..
#.....###+
#.........
#.........
#.....§...
#D@.§§....
#..........§§..
#......########
#...... #......
#...... #......
#......


You could see a steam dragon (extremely poisoned, catching breath).

Vanquished Creatures
  Sigmund (D:3)
  2 ogres (D:5)
  A phantom (D:4)
  A kobold brigand (D:6)
  A bullfrog (D:6)
  3 scorpions
  3 hounds
  A jelly (D:6)
  5 orc wizards
  An iguana (D:5)
  Natasha (thrice) (D:4)
  Robin (D:3)
  6 gnolls (D:5)
  6 adders
  An ufetubus (D:4)
  2 worms (D:2)
  3 dart slugs
  18 orcs
  6 bats
  7 endoplasms
  3 giant cockroaches
  11 goblins
  5 hobgoblins
  2 jackals (D:2)
  11 quokkas
  5 ball pythons
  A frilled lizard (D:3)
  12 kobolds
  2 rats
124 creatures vanquished.

Vanquished Creatures (others)
  A withered plant (D:2)
1 creature vanquished.

Grand Total: 125 creatures vanquished

Notes
Turn   | Place    | Note
-------+----------+-------------------------------------------
     0 | D:1      | Sabo the Octopode Air Elementalist began the quest for the
                  | Orb.
     0 | D:1      | Reached XP level 1. HP: 11/11 MP: 3/3
   745 | D:1      | Reached XP level 2. HP: 17/17 MP: 1/5
  1090 | D:2      | Found an ancient bone altar of Kikubaaqudgha.
  1548 | D:2      | Reached XP level 3. HP: 21/21 MP: 4/6
  1952 | D:2      | Found a faded altar of an unknown god.
  1967 | D:2      | Prayed at the altar of an unknown god.
  1967 | D:2      | Became a worshipper of Ru the Awakened
  1974 | D:2      | Gained mutation: You are weak. (Str -2) [Ru sacrifice]
  2436 | D:2      | Reached XP level 4. HP: 27/27 MP: 5/7
  2812 | D:3      | Noticed Robin
  2824 | D:3      | Killed Robin
  2827 | D:3      | HP: 1/27 [goblin/sling bullet[Robin] (2)]
  3369 | D:3      | Identified the +10 whip of Adoun {venom, Int+2 Dex+4}
  3517 | D:3      | Noticed Sigmund
  3523 | D:3      | Killed Sigmund
  3524 | D:3      | Reached skill level 1 in Maces & Flails
  3524 | D:3      | Reached XP level 5. HP: 7/32 MP: 7/10
  3524 | D:3      | Reached XP level 6. HP: 8/37 MP: 7/11
  4595 | D:4      | Noticed Natasha
  4602 | D:4      | Killed Natasha
  4942 | D:4      | Noticed Natasha
  4948 | D:4      | Killed Natasha
  4949 | D:4      | Reached XP level 7. HP: 28/42 MP: 8/12
  4951 | D:4      | Reached skill level 5 in Air Magic
  5289 | D:4      | Noticed Natasha
  5587 | D:4      | Killed Natasha
  5843 | D:5      | Entered Level 5 of the Dungeon
  5848 | D:5      | Reached skill level 1 in Fighting
  6050 | D:5      | Found a staircase to the Ecumenical Temple.
  6071 | D:5      | Reached XP level 8. HP: 31/48 MP: 8/14
  6321 | D:5      | Gained mutation: You are sensitive to extremes of
                  | temperature. (rF-, rC-) [Ru sacrifice]
  6321 | D:5      | Reached * piety under Ru
  6321 | D:5      | Reached ** piety under Ru
  6791 | D:5      | Learned a level 4 spell: Airstrike
  6872 | D:5      | Reached skill level 5 in Stealth
  8106 | D:6      | Found a runed translucent gate.
  8114 | D:6      | Engulfed by a steam dragon's steam

Illustrated notes

Levels and vault maps discovered:
D:1:      zelgadis_glass_arrival_small, layout_basic
D:2:      layout_rooms, ebering_ecumenical_altar_petrified, basic_altar
D:3:      layout_loops_cross, uniq_sigmund, uniq_robin
D:4:      layout_basic, item_on_display_a, uniq_natasha
D:5:      layout_basic, minmay_temple_entry_stoned_glass,
          kennysheep_generic_room_8
D:6:      layout_basic, gammafunk_ghost_necromancy

Skill      XL: |  1  2  3  4  5  6  7  8 |
---------------+-------------------------+-----
Air Magic      | 4 5 |  5.9
Stealth        | 3 4 5 |  5.1
Maces & Flails | 1 2 3 |  3.0
Spellcasting   | 3 4 |  4.9
Conjurations   | 2 3 4 |  4.7
Fighting       | 1 |  1.6
Dodging        | |  2.8

Action                   |  1- 3 |  4- 6 |  7- 9 || total
-------------------------+-------+-------+-------++-------
Melee: Unarmed           |     6 |       |       ||     6
       Constrict         |     8 |     7 |    12 ||    27
       Club              |     4 |       |       ||     4
       Tentacles         |     5 |     5 |    19 ||    29
       Whip              |    17 |    21 |    50 ||    88
       Punch             |       |     1 |       ||     1
 Cast: Shock             |    48 |    61 |    86 ||   195
Invok: Sacrifice Purity  |     1 |       |       ||     1
       Sacrifice Resista |       |       |     1 ||     1
  Use: Scroll            |       |     3 |     3 ||     6
       Potion            |       |     1 |     1 ||     2
 Stab: Sleeping          |       |       |     1 ||     1
Armor: Skin              |     6 |     1 |     2 ||     9
Dodge: Dodged            |    13 |    14 |    33 ||    60
